AA
CHICAGO DOGS @ TEXAS AIRHOGS
04/26/2099
 
TOP OF THE 1ST
South Division All-Stars batting - Pitching for North Division All-Stars : RHP Bob Pierre
Pitching: RHP Bob Pierre
Batting: RHB Adrian DeVita 0-0: Ball
1-0: Ball
2-0: Called Strike
2-1: Called Strike
2-2: Ball
3-2: Strikes out looking
Batting: RHB Andy Shaffer 0-0: Swinging Strike
0-1: Foul Ball, location: 3SF
0-2: Ball
1-2: SINGLE (Line Drive, 8RS, EV 96.3 MPH)
Batting: RHB Chad Boston 0-0: Called Strike
0-1: Called Strike
0-2: Ball
Andy Shaffer steals 2nd base
1-2: Fly out, F6 (Line Drive, 6MD, EV 64.4 MPH)
Batting: RHB Danny Ozuna 0-0: Ball
1-0: Called Strike
1-1: Foul Ball, location: 7LSF
1-2: Foul Ball, location: 5SF
1-2: Ball
2-2: Ball
3-2: Foul Ball, location: 9LSF, Error on foul ball, E9
3-2: Ground out 4-3 (Groundball, 4, EV 105.6 MPH)
Top of the 1st over - 0 runs, 1 hit, 1 error, 1 left on base; South Division 0 - North Division 0
BOTTOM OF THE 1ST
North Division All-Stars batting - Pitching for South Division All-Stars : RHP Pedro Flores
Pitching: RHP Pedro Flores
Batting: LHB Dave Austin 0-0: Foul Ball, location: 2F
0-1: Swinging Strike
0-2: Strikes out swinging
Batting: RHB Nawaf Shafeeq 0-0: Called Strike
0-1: Foul Ball, location: 2F
0-2: Ball
1-2: Strikes out swinging
Batting: SHB Brad Luisi 0-0: Ball
1-0: Called Strike
1-1: SINGLE (Groundball, 4MD, EV 96.9 MPH)
Batting: RHB Brenden Oxton 0-0: Fly out, F8 (Flyball, 8LM, EV 98.8 MPH)
Bottom of the 1st over - 0 runs, 1 hit, 0 errors, 1 left on base; South Division 0 - North Division 0
TOP OF THE 2ND
South Division All-Stars batting - Pitching for North Division All-Stars : RHP Bob Pierre
Pitching: LHP Jeremiah Allen
Batting: RHB Zach Elerson 0-0: Ball
1-0: Fly out, F4 (Popup, 4, EV 51.3 MPH)
Batting: RHB Gene Foley 0-0: Ball
1-0: Ball
2-0: Called Strike
2-1: Ball
3-1: Called Strike
3-2: DOUBLE (Flyball, 8LXD, EV 93.8 MPH)
Batting: SHB Matt Norwood 0-0: Called Strike
0-1: Swinging Strike
0-2: SINGLE (Groundball, 6MD, EV 102.5 MPH)
Gene Foley to third
Runner from 3rd tries for Home, SAFE, throw by CF to home
Matt Norwood to second
Batting: LHB Joey Baker 0-0: Swinging Strike
0-1: Ball
1-1: Ball
2-1: Ground out 6-3 (Groundball, 6, EV 93.1 MPH)
Matt Norwood to third
Batting: LHB Josh Murry 0-0: Ball
1-0: SINGLE (Groundball, 4D, EV 103.8 MPH)
Matt Norwood scores
Batting: RHB Adrian DeVita 0-0: Fly out, F8 (Line Drive, 8RD, EV 91.9 MPH)
Top of the 2nd over - 2 runs, 3 hits, 0 errors, 1 left on base; South Division 2 - North Division 0
BOTTOM OF THE 2ND
North Division All-Stars batting - Pitching for South Division All-Stars : RHP Pedro Flores
Pitching: RHP Nick Olson
Batting: RHB Roberto Fallas 0-0: Ball
1-0: Fly out, F8 (Flyball, 8RD, EV 82.5 MPH)
Batting: RHB Miles Carr 0-0: Ball
1-0: Foul Ball, location: 5FF
1-1: Ground out 6-3 (Groundball, 6, EV 83.1 MPH)
Batting: LHB Ken Calhoun 0-0: Ball
1-0: SINGLE (Line Drive, 4MD, EV 103.1 MPH)
Batting: RHB Pat Mancini 0-0: Called Strike
0-1: Fly out, F8 (Flyball, 89M, EV 85.6 MPH)
Bottom of the 2nd over - 0 runs, 1 hit, 0 errors, 1 left on base; South Division 2 - North Division 0
TOP OF THE 3RD
South Division All-Stars batting - Pitching for North Division All-Stars : LHP Jeremiah Allen
Pitching: RHP Alex Romero
Batting: RHB Andy Shaffer 0-0: Called Strike
0-1: Fly out, F8 (Flyball, 8RD, EV 78.1 MPH)
Batting: RHB Chad Boston 0-0: Ball
1-0: Ball
2-0: SOLO HOME RUN (Flyball, 9D, EV 96.9 MPH), Distance : 352 ft
Batting: RHB Danny Ozuna 0-0: Foul Ball, location: 5F
0-1: Foul Ball, location: 2F
0-2: Ball
1-2: SINGLE (Line Drive, 8RS, EV 96.9 MPH)
Batting: RHB Zach Elerson 0-0: Foul Ball, location: 2F
0-1: Ball
1-1: Called Strike
Danny Ozuna steals 2nd base
1-2: Ball
2-2: Strikes out swinging
Batting: RHB Gene Foley 0-0: Ball
1-0: Foul Ball, location: 2RF
1-1: Ground out 6-3 (Groundball, 6, EV 83.8 MPH)
Top of the 3rd over - 1 run, 2 hits, 0 errors, 1 left on base; South Division 3 - North Division 0
BOTTOM OF THE 3RD
North Division All-Stars batting - Pitching for South Division All-Stars : RHP Nick Olson
Pitching: RHP Danny Galindo
Batting: SHB Jim Unknown 0-0: Ball
1-0: Foul Ball, location: 7LDF
1-1: Ball
2-1: Swinging Strike
2-2: Strikes out swinging
Batting: LHB Dave Austin 0-0: Ball
1-0: Swinging Strike
1-1: Ball
2-1: Swinging Strike
2-2: Fly out, F9 (Flyball, 9, EV 90.0 MPH)
Batting: RHB Nawaf Shafeeq 0-0: Ball
1-0: Ball
2-0: TRIPLE (Flyball, 89XD, EV 105.6 MPH)
Batting: SHB Brad Luisi 0-0: Ball
1-0: Ball
2-0: Swinging Strike
2-1: Foul Ball, location: 7LSF
2-2: Foul Ball, location: 7LSF
2-2: Ball
3-2: Base on Balls
Batting: RHB Brenden Oxton 0-0: Called Strike
0-1: Foul Ball, location: 9LSF
0-2: Ball
1-2: Ball
2-2: Foul Ball, location: 2LF
2-2: Fly out, F4 (Popup, 4M, EV 64.4 MPH)
Bottom of the 3rd over - 0 runs, 1 hit, 0 errors, 2 left on base; South Division 3 - North Division 0
TOP OF THE 4TH
South Division All-Stars batting - Pitching for North Division All-Stars : RHP Alex Romero
Pitching: RHP Lorenzo Rodriguez
Batting: SHB Matt Norwood 0-0: Ball
1-0: Foul Ball, location: 3DF
1-1: Fly out, F7 (Flyball, 7D, EV 96.9 MPH)
Batting: LHB Joey Baker 0-0: SINGLE (Line Drive, 6D, EV 104.4 MPH)
Batting: LHB Josh Murry 0-0: Ball
1-0: Called Strike
1-1: Foul Ball, location: 2F
1-2: Foul Ball, location: 3SF
1-2: Foul Ball, location: 2F
1-2: Strikes out swinging
Batting: RHB Adrian DeVita 0-0: Ball
1-0: Ball
2-0: Called Strike
2-1: Ball
3-1: Base on Balls
Joey Baker to second
Pinch Hitting: RHB Jose Padilla 0-0: Ground out 1-3 (Groundball, 34S, EV 65.0 MPH)
Top of the 4th over - 0 runs, 1 hit, 0 errors, 2 left on base; South Division 3 - North Division 0
BOTTOM OF THE 4TH
North Division All-Stars batting - Pitching for South Division All-Stars : RHP Danny Galindo
Pitching: RHP Trevor Kirkman
Now at 2B: Kyle Christen
Batting: RHB Roberto Fallas 0-0: SINGLE (Line Drive, 4D, EV 97.5 MPH)
Batting: RHB Miles Carr 0-0: Ball
1-0: Ball
2-0: Called Strike
2-1: SINGLE (Line Drive, 4M, EV 100.0 MPH)
Roberto Fallas to second
Batting: LHB Ken Calhoun 0-0: Called Strike
0-1: Foul Ball, location: 2F
0-2: Strikes out swinging
Batting: RHB Pat Mancini 0-0: Called Strike
0-1: Ball
1-1: Foul Ball, location: 23FF
1-2: Foul Ball, location: 2LF
1-2: Foul Ball, location: 5F
1-2: Ball
2-2: Grounds into double play, 5-4-3 (Groundball, 56, EV 99.4 MPH)
Bottom of the 4th over - 0 runs, 2 hits, 0 errors, 1 left on base; South Division 3 - North Division 0
TOP OF THE 5TH
South Division All-Stars batting - Pitching for North Division All-Stars : RHP Lorenzo Rodriguez
Pitching: LHP Nate Phillips
Pinch Hitting: LHB Tomas Granda 0-0: Foul Ball, location: 3FF
0-1: Ball
1-1: Called Strike
1-2: Strikes out swinging
Batting: RHB Eddie Veles 0-0: Swinging Strike
0-1: Called Strike
0-2: Ball
1-2: Ball
2-2: Ground out 4-3 (Groundball, 4, EV 111.3 MPH)
Batting: RHB Zach Elerson 0-0: Fly out, F7 (Flyball, 7LM, EV 97.5 MPH)
Top of the 5th over - 0 runs, 0 hits, 0 errors, 0 left on base; South Division 3 - North Division 0
BOTTOM OF THE 5TH
North Division All-Stars batting - Pitching for South Division All-Stars : RHP Trevor Kirkman
Pitching: LHP Eishin Iwata
Now in LF: Tomas Granda
Batting: SHB Jim Unknown 0-0: Ball
1-0: Ball
2-0: Called Strike
2-1: Swinging Strike
2-2: Strikes out swinging, 2-3 out at first.
Pinch Hitting: RHB Joe Telling 0-0: Ball
1-0: Ball
2-0: Foul Ball, location: 9LSF
2-1: Foul Ball, location: 2F
2-2: Ball
3-2: Strikes out swinging
Pinch Hitting: RHB Carlos Mendoza 0-0: Ball
1-0: Called Strike
1-1: Ball
2-1: Swinging Strike
2-2: Ball
3-2: Fly out, F4 (Popup, 3S, EV 84.4 MPH)
Bottom of the 5th over - 0 runs, 0 hits, 0 errors, 0 left on base; South Division 3 - North Division 0
TOP OF THE 6TH
South Division All-Stars batting - Pitching for North Division All-Stars : LHP Nate Phillips
Pitching: RHP Edwin Blanco
Now at 3B: Carlos Mendoza
Now in RF: Joe Telling
Batting: RHB Gene Foley 0-0: Ball
1-0: Swinging Strike
1-1: Foul Ball, location: 9LMF
1-2: Ball
2-2: Reached on error, E5 (Groundball, 56S, EV 87.5 MPH)
Batting: SHB Matt Norwood 0-0: Ball
Gene Foley steals 2nd base
1-0: Called Strike
1-1: Swinging Strike
1-2: Fly out, F5 (Popup, 56S, EV 76.3 MPH)
Batting: LHB Joey Baker 0-0: Called Strike
0-1: Foul Ball, location: 2F
0-2: Ball
1-2: Fly out, F8 (Flyball, 8RD, EV 98.1 MPH)
Runner from 2nd tags up, OUT at 3rd! 8-5
Top of the 6th over - 0 runs, 0 hits, 1 error, 0 left on base; South Division 3 - North Division 0
BOTTOM OF THE 6TH
North Division All-Stars batting - Pitching for South Division All-Stars : LHP Eishin Iwata
Pitching: RHP Gene Kaiser
Pinch Hitting: RHB Scott Tetley 0-0: Ground out 6-3 (Groundball, 6, EV 102.5 MPH)
Pinch Hitting: RHB Danny Bryne 0-0: Ball
1-0: Ball
2-0: DOUBLE (Groundball, 5L, EV 103.1 MPH)
Pinch Hitting: SHB Justin Williams 0-0: Called Strike
0-1: Swinging Strike
0-2: Ball
1-2: Fly out, F8 (Flyball, 8LD, EV 104.4 MPH)
Batting: RHB Miles Carr 0-0: SINGLE (Flyball, 89S, EV 90.6 MPH)
Danny Bryne to third
Runner from 3rd tries for Home, SAFE, throw by RF to home
Batting: LHB Ken Calhoun 0-0: Foul Ball, location: 7LSF
0-1: Called Strike
0-2: Ball
1-2: DOUBLE (Line Drive, 8RXD, EV 98.1 MPH)
Miles Carr to third
Runner from 3rd tries for Home, SAFE, throw by CF to trailing runner, SAFE at third!
Batting: RHB Pat Mancini 0-0: Ball
1-0: Ball
2-0: Ball
3-0: Foul Ball, location: 2F
3-1: Base on Balls
Batting: RHB Allen Johnson 0-0: Ball
1-0: Fly out, F9 (Flyball, 9, EV 83.8 MPH)
Bottom of the 6th over - 2 runs, 3 hits, 0 errors, 2 left on base; South Division 3 - North Division 2
TOP OF THE 7TH
South Division All-Stars batting - Pitching for North Division All-Stars : RHP Edwin Blanco
Pitching: LHP Bryan Gora
Now at C: Danny Bryne
Now at 2B: Scott Tetley
Now at SS: Justin Williams
Batting: LHB Josh Murry 0-0: Ball
1-0: Ball
2-0: Ground out U3 (Groundball, 34S, EV 68.8 MPH)
Pitching: RHP Zach Stout
Pinch Hitting: RHB Alex Villalpando 0-0: Called Strike
0-1: Ground out 6-3 (Groundball, 6, EV 96.9 MPH)
Batting: RHB Kyle Christen 0-0: Ball
1-0: Called Strike
1-1: Ball
2-1: Called Strike
2-2: Strikes out swinging
Top of the 7th over - 0 runs, 0 hits, 0 errors, 0 left on base; South Division 3 - North Division 2
BOTTOM OF THE 7TH
North Division All-Stars batting - Pitching for South Division All-Stars : RHP Gene Kaiser
Pitching: RHP Paul DeGrazia
Now in LF: Alex Villalpando
Now in CF: Tomas Granda
Batting: RHB Joe Telling 0-0: Called Strike
0-1: Ball
1-1: Foul Ball, location: 9LDF
1-2: Ball
2-2: Foul Ball, location: 2F
2-2: Strikes out swinging
Pinch Hitting: SHB John Voight 0-0: Called Strike
0-1: Ground out 1-3 (Groundball, P, EV 71.3 MPH)
Batting: RHB Scott Tetley 0-0: Ground out 5-3 (Groundball, 5, EV 86.9 MPH)
Bottom of the 7th over - 0 runs, 0 hits, 0 errors, 0 left on base; South Division 3 - North Division 2
TOP OF THE 8TH
South Division All-Stars batting - Pitching for North Division All-Stars : RHP Zach Stout
Pitching: LHP Nick Webb
Now at 3B: Joey Davis
Batting: LHB Tomas Granda 0-0: Foul Ball, location: 2F
0-1: SINGLE (Groundball, 4S, EV 63.8 MPH) (infield hit)
Batting: RHB Eddie Veles 0-0: Swinging Strike
0-1: Ball
1-1: Called Strike
1-2: Ball
2-2: Strikes out looking
Pinch Hitting: RHB Jeremy Marino 0-0: Ball
1-0: Called Strike
1-1: Fly out, F9 (Flyball, 9LM, EV 92.5 MPH)
Pinch Hitting: LHB Eddie Mendoza 0-0: SINGLE (Line Drive, 56, EV 101.3 MPH)
Tomas Granda to second
Pinch Hitting: RHB Jeff Martin 0-0: Called Strike
0-1: Ball
1-1: Foul Ball, location: 2F
1-2: Fielders Choice at 2nd, 6-4 (Groundball, 6, EV 88.8 MPH)
Top of the 8th over - 0 runs, 2 hits, 0 errors, 2 left on base; South Division 3 - North Division 2
BOTTOM OF THE 8TH
North Division All-Stars batting - Pitching for South Division All-Stars : RHP Paul DeGrazia
Pitching: LHP Kevin Evans
Now at 1B: Eddie Mendoza
Now at 3B: Jeff Martin
Now at SS: Johnny Hawker
Batting: RHB Danny Bryne 0-0: Ball
1-0: Called Strike
1-1: Ball
2-1: Ground out 6-3 (Groundball, 56S, EV 88.8 MPH)
Batting: SHB Justin Williams 0-0: Ground out 6-3 (Groundball, 6, EV 85.6 MPH)
Pinch Hitting: RHB Brandon Mosley 0-0: Called Strike
0-1: Called Strike
0-2: Ball
1-2: Strikes out swinging
Bottom of the 8th over - 0 runs, 0 hits, 0 errors, 0 left on base; South Division 3 - North Division 2
TOP OF THE 9TH
South Division All-Stars batting - Pitching for North Division All-Stars : LHP Nick Webb
Now at 1B: Brandon Mosley
Pinch Hitting: RHB Jason McCormick 0-0: Ball
1-0: Ball
2-0: Ball
3-0: Base on Balls
Pinch Hitting: LHB Willie Gianakos 0-0: Foul Ball, location: 5SF
0-1: Ball
1-1: Swinging Strike
1-2: Fly out, F7 (Flyball, 7D, EV 99.4 MPH)
Batting: RHB Alex Villalpando 0-0: Called Strike
0-1: Foul Ball, location: 7LDF
0-2: Foul Ball, location: 2F
0-2: Foul Ball, location: 2F
0-2: Ball
1-2: Fielders Choice at 2nd, 6-4 (Groundball, 6, EV 81.3 MPH)
Batting: RHB Kyle Christen 0-0: SINGLE (Line Drive, 7LS, EV 90.0 MPH)
Alex Villalpando to second
Batting: LHB Tomas Granda 0-0: Foul Ball, location: 9LMFF
0-1: Ball
1-1: Called Strike
1-2: Ball
2-2: Fly out, F6 (Popup, 6, EV 76.9 MPH)
Top of the 9th over - 0 runs, 1 hit, 0 errors, 2 left on base; South Division 3 - North Division 2
BOTTOM OF THE 9TH
North Division All-Stars batting - Pitching for South Division All-Stars : LHP Kevin Evans
Now at C: Jason McCormick
Now in RF: Willie Gianakos
Pinch Hitting: RHB Steve Atkins 0-0: Swinging Strike
0-1: Foul Ball, location: 5SF
0-2: Strikes out swinging
Pinch Hitting: LHB Ryan Brewer 0-0: Ball
1-0: Foul Ball, location: 7LSF
1-1: Fly out, F2 (Popup, 2RF, EV 93.8 MPH)
Batting: RHB Allen Johnson 0-0: Ball
1-0: Called Strike
1-1: Called Strike
1-2: Ball
2-2: Foul Ball, location: 2F
2-2: Ball
3-2: Strikes out swinging
Bottom of the 9th over - 0 runs, 0 hits, 0 errors, 0 left on base; South Division 3 - North Division 2
Saturday, May 4th , 2024 - OOTP Baseball 24.11 Build 85